 Dungeon Crawl Stone Soup version 0.29-a0-378-gc08b2e8bf8 (webtiles) character file.

Game seed: 2330507865458229652

75 asterach the Cutter (level 4, -3/24 HPs)
             Began as a Vine Stalker Monk on May 5, 2022.
             Was a Follower of Sif Muna.
             Engulfed by a cloud of flame (9 damage)
             ... on level 3 of the Dungeon.
             The game lasted 00:05:27 (2101 turns).

asterach the Cutter (Vine Stalker Monk)             Turns: 2101, Time: 00:05:29

Health: -3/24      AC:  6    Str: 14    XL:     4   Next: 31%
Magic:  0/5        EV: 13    Int: 10    God:    Sif Muna [*.....]
Gold:   137        SH:  5    Dex: 18    Spells: 3/3 levels left

rFire   . . .      SeeInvis .   a - +0 short sword
rCold   . . .      Faith    .   (no shield)
rNeg    . . .      Spirit   +   b - +0 robe
rPois   .          Reflect  +   (no helmet)
rElec   .          Harm     .   (no cloak)
rCorr   .          Rampage  .   (no gloves)
Will    .....                   (no boots)
Stlth   ++........              t - amulet of reflection
HPRegen 0.88/turn               f - +4 ring of protection
MPRegen 0.09/turn               (no ring)

@: no status effects
A: fangs 2, regeneration 1, magic shield, antimagic bite, no potion heal 2
a: Renounce Religion, Channel Magic


You were on level 3 of the Dungeon.
You worshipped Sif Muna.
Sif Muna was aware of your devotion.
You visited 1 branch of the dungeon, and saw 3 of its levels.

You collected 137 gold pieces.

Inventory:

Hand Weapons
 a - a +0 short sword (weapon)
Missiles
 s - a throwing net (quivered)
Armour
 b - a +0 robe (worn)
Jewellery
 f - a +4 ring of protection (left hand)
 t - an amulet of reflection (around neck)
Scrolls
 e - a scroll of amnesia
 h - 2 scrolls of immolation
 m - a scroll of fog {unknown}
 n - a scroll of identify {unknown}
 o - a scroll of vulnerability {unknown}
 p - a scroll of blinking {unknown}
 r - a scroll of magic mapping {unknown}
 v - a scroll of silence {unknown}
Potions
 c - 2 potions of ambrosia
 d - 2 potions of mutation {unknown}
 i - 3 potions of curing {unknown}
 j - 2 potions of degeneration {unknown}
 l - a potion of magic {unknown}
 q - a potion of lignification {unknown}
 u - a potion of brilliance {unknown}


   Skills:
 + Level 3.2 Fighting
 + Level 3.4 Short Blades
 + Level 3.0 Dodging
 + Level 2.8 Stealth


You had 3 spell levels left.
You didn't know any spells.
Your spell library contained the following spells:

 Spells                   Type           Power      Damage    Failure   Level
 Sandblast                Erth           0%         2d4       36%         1
 Passwall                 Tmut/Erth      0%         N/A       50%         2
 Stone Arrow              Conj/Erth      0%         3d7       75%         3


Dungeon Overview and Level Annotations

Branches:
Dungeon (3/15)

Altars:
Sif Muna

Shops:
D:1 [


Innate Abilities, Weirdness & Mutations

You have extremely sharp teeth.
Your natural rate of healing is unusually fast.
When hurt, damage is shared between your health and your magic reserves.
Your bite disrupts and absorbs the magic of your enemies.
Potions cannot restore your health.


Message History

v - a scroll labelled QEFITS PEFFITI
Found a stone staircase leading down.
As you read the scroll labelled CATUAN PIRO, it crumbles to dust.
It is a scroll of amnesia.
You feel forgetful for a moment.
A bat comes into view.
The bat moves out of view.
As you read the scroll labelled URABEUTODI, it crumbles to dust.
Your body is wracked with pain!
It was a scroll of torment.
As you read the scroll labelled ZEKISTR LOTIO, it crumbles to dust.
The creatures around you are filled with an inner flame!
It was a scroll of immolation.
As you read the scroll labelled CITUCR XYELUH, it crumbles to dust.
You hear a loud clanging noise!
It was a scroll of noise.
You hear an angry hiss.
You hear a shout!
The bat hits you.
You miss the bat. The bat hits you.
You closely miss the bat. The bat hits you but does no damage.
The bat closely misses you. The bat attacks as you move away!
You block the bat's attack. The bat hits you but does no damage.
The bat barely misses you. The bat hits you but does no damage.
You block the bat's attack. The bat closely misses you.
The bat attacks as you move away! You block the bat's attack.
The bat hits you but does no damage. The bat hits you but does no damage.
The bat hits you. You block the bat's attack.
You hit the bat but do no damage. Your bite misses the bat.
The bat barely misses you. The bat hits you but does no damage.
You hit the bat.
Flame seeps out of the bat.
You bite the bat. Sif Muna accepts your kill.
The bat explodes!
The fiery explosion engulfs you!!
Ouch! That really hurt!
* * * LOW HITPOINT WARNING * * *
You are engulfed in blazing flames.
You die...

############## ##...##.......#
#..8.§§§#####.##########
#....8○@................
########..8.§§####.........###.
............8....#.#...###.....
..........8...##.#.#.#.#.#.....
............8.# #.#.#.#.#...##
..........8...# #...#.#......#
............8.# #####.#......#
.#######..8...# #.####...#
#....8.# ..#......#


There were no monsters in sight!

Vanquished Creatures
  2 adders (D:2)
  3 worms (D:2)
  3 ball pythons
  5 bats
  5 endoplasms
  3 giant cockroaches
  2 goblins
  5 hobgoblins
  3 jackals (D:3)
  6 kobolds
  3 quokkas
  A frilled lizard (D:2)
  4 rats
45 creatures vanquished.

Notes
Turn   | Place    | Note
-------+----------+-------------------------------------------
     0 | D:1      | asterach the Vine Stalker Monk began the quest for the Orb.
     0 | D:1      | Reached XP level 1. HP: 11/11 MP: 2/2
   213 | D:1      | Reached XP level 2. HP: 2/16 MP: 1/3
   694 | D:1      | Found Etwin's Armour Emporium.
   707 | D:1      | Found a faded altar of an unknown god.
  1161 | D:2      | Reached XP level 3. HP: 14/20 MP: 4/4
  1540 | D:2      | Gained mutation: Your natural rate of healing is unusually
                  | fast. [Vine Stalker growth]
  1540 | D:2      | Reached XP level 4. HP: 21/24 MP: 5/5
  1981 | D:3      | Found a shimmering blue altar of Sif Muna.
  1997 | D:3      | Became a worshipper of Sif Muna the Loreminder
  1997 | D:3      | Reached * piety under Sif Muna
  1997 | D:3      | Reached ** piety under Sif Muna
  2101 | D:3      | Engulfed by a cloud of flame

Illustrated notes

Levels and vault maps discovered:
D:1:      pf_arrival_petrified_forest, layout_basic,
          ebering_ecumenical_altar_hall, serial_shops, shop, chequers_big_river,
          minmay_pentomino_t4
D:2:      minmay_chambers_of_twos, layout_basic, minmay_misc_feat_secret_circle,
          guppyfry_early_lair_pool
D:3:      layout_basic, mainiacjoe_overflow_chevrons, minmay_misc_feat_pillars

Skill      XL: |  1  2  3  4 |
---------------+-------------+-----
Short Blades   | 3 |  3.4
Fighting       | 3 |  3.2
Dodging        | 3 |  3.0
Stealth        | |  2.8

Action                   |  1- 3 |  4- 6 || total
-------------------------+-------+-------++-------
Melee: Short sword       |    92 |    36 ||   128
       Bite              |    23 |     5 ||    28
       Punch             |     1 |     1 ||     2
  Use: Scroll            |       |     4 ||     4
 Stab: Sleeping          |     3 |     5 ||     8
Armor: Robe              |    30 |    12 ||    42
Dodge: Dodged            |    66 |    19 ||    85
Block: Other             |       |     4 ||     4

Table legend: (Time is in decaauts)
 A = Elapsed time spent in this place.
 B = Non-inter-level travel time spent in this place.
 C = Inter-level travel time spent in this place.
 D = Time resting spent in this place.
 E = Time spent auto-exploring this place.
 F = Levels seen in this place.
 G = Mean time per level.
                   A        B        C        D        E       F      G
               +--------+--------+--------+--------+--------+-----+--------+
         Total |   2103 |   2070 |     33 |    294 |   1425 |   3 |  701.0 |
       Dungeon |   2103 |   2070 |     33 |    294 |   1425 |   3 |  701.0 |
               +--------+--------+--------+--------+--------+-----+--------+

Top non-repeatable levels by time:
     D:1: 1101 daAuts
     D:2: 819 daAuts
     D:3: 181 daAuts
